 Dungeon Crawl Stone Soup version 0.27-a0-54-g64bdb92e38 (webtiles) character file.

Game seed: 2316335454512604212

42 Morbidden the Sneak (level 3, -1/19 HPs)
             Began as a Vine Stalker Brigand on Jan 7, 2021.
             Killed by nerve-wracking pain
             ... invoked by a shadow imp
              (6 damage)
             ... on level 2 of the Dungeon.
             The game lasted 00:03:13 (1641 turns).

Morbidden the Sneak (Vine Stalker Brigand)          Turns: 1641, Time: 00:03:13

Health: -1/19      AC: 11    Str: 13    XL:     3   Next: 54%
Magic:  0/4        EV: 12    Int: 12    God:
Gold:   80         SH:  0    Dex: 15    Spells: 2/2 levels left

rFire    . . .     SeeInvis .   a - +1 dagger (protect)
rCold    . . .     Faith    .   (no shield)
rNeg     . . .     Spirit   +   b - +0 robe
rPois    .         Reflect  .   (no helmet)
rElec    .         Harm     .   c - +0 cloak
rCorr    .         Rampage  .   (no gloves)
Will     .....                  j - +0 pair of boots
Stlth    +++.......             (no amulet)
HPRegen  0.06/turn              (no ring)
MPRegen  0.09/turn              (no ring)

@: protection aura
A: fangs 2, magic shield, antimagic bite, no potion heal 3
a: no special abilities


You were on level 2 of the Dungeon.
You visited 1 branch of the dungeon, and saw 2 of its levels.

You collected 80 gold pieces.

Inventory:

Hand Weapons
 a - a +1 dagger of protection (weapon)
 n - a +2 dagger
Missiles
 d - 25 poisoned darts (quivered)
 e - 2 curare-tipped darts
 g - 46 stones
Armour
 b - a +0 robe (worn)
 c - a +0 cloak (worn)
 j - a +0 pair of boots (worn)
Scrolls
 f - 2 scrolls of identify {unknown}
 h - 2 scrolls of remove curse {unknown}
 i - a scroll of blinking {unknown}
 k - 4 scrolls of teleportation {unknown}
 m - 2 scrolls of enchant armour {unknown}
 q - a scroll of magic mapping {unknown}
Potions
 l - a potion of haste {unknown}
 o - a potion of lignification {unknown}
 p - a potion of degeneration {unknown}


   Skills:
 * Level 2.3 Fighting
 + Level 2.0 Short Blades
 + Level 1.8 Throwing
 * Level 1.0 Dodging
 + Level 5.5 Stealth
 * Level 0.4 Spellcasting


You had 2 spell levels left.
You didn't know any spells.
Your spell library was empty.

Dungeon Overview and Level Annotations

Branches:
Dungeon (2/15)

Altars:
Zin


Innate Abilities, Weirdness & Mutations

You have extremely sharp teeth.
When hurt, damage is shared between your health and your magic reserves.
Your bite disrupts and absorbs the magic of your enemies.
Potions cannot restore your health.


Message History

* * * LOW HITPOINT WARNING * * *
You closely miss the shadow imp.
The shadow imp is heavily wounded.
Unknown command.
Unknown command.
You barely miss the shadow imp. Your bite misses the shadow imp.
The shadow imp is heavily wounded.
The shadow imp hits you but does no damage.
You hit the shadow imp.
The shadow imp is almost dead.
The shadow imp hits you but does no damage.
Unknown command.
You closely miss the shadow imp.
The shadow imp is almost dead.
The shadow imp closely misses you.
You closely miss the shadow imp. Your bite misses the shadow imp.
The shadow imp is almost dead.
The shadow imp gestures at you. Pain shoots through your body!
You die...

######...####
####...#
+.†....+
####†..## #
#......#.#
#.#.....$#
#.#.<....##
##+#.......?.
#...@....####
#..5.....#
#.$.........
.........#.##
###......$#.#
######### .


You could see a shadow imp.

Vanquished Creatures
  A gnoll (D:1)
  A worm (D:2)
  A dart slug (D:1)
  2 leopard geckos
  2 hobgoblins (D:1)
  5 bats (D:1)
  4 goblins (D:1)
  7 kobolds
  4 rats
27 creatures vanquished.

Notes
Turn   | Place    | Note
-------+----------+-------------------------------------------
     0 | D:1      | Morbidden the Vine Stalker Brigand began the quest for the
                  | Orb.
     0 | D:1      | Reached XP level 1. HP: 11/11 MP: 2/2
   372 | D:1      | Reached skill level 5 in Stealth
   444 | D:1      | Reached XP level 2. HP: 15/15 MP: 3/3
   925 | D:1      | Reached skill level 1 in Dodging
   925 | D:1      | Reached XP level 3. HP: 5/18 MP: 2/4
  1562 | D:2      | Found a glowing silver altar of Zin.
  1577 | D:2      | Found a faded altar of an unknown god.
  1641 | D:2      | Killed from afar by a shadow imp

Illustrated notes

Levels and vault maps discovered:
D:1:      psy_arrival_radial01, layout_loops_cross
D:2:      layout_basic, zin_treasury, chequers_ecumenical_altar_island,
          uniq_robin

Skill      XL: |  1  2 |
---------------+-------+-----
Stealth        | 5 |  5.5
Fighting       | 2 |  2.3
Short Blades   | 2 |  2.0
Dodging        | 1 |  1.0
Throwing       | |  1.8
Spellcasting   | |  0.4

Action                   || total
-------------------------++-------
Melee: Dagger            ||    82
       Bite              ||    20
Throw: Dart              ||     4
 Stab: Sleeping          ||     5
Armor: Robe              ||    27
Dodge: Dodged            ||    42

Table legend: (Time is in decaauts)
 A = Elapsed time spent in this place.
 B = Non-inter-level travel time spent in this place.
 C = Inter-level travel time spent in this place.
 D = Time resting spent in this place.
 E = Time spent auto-exploring this place.
 F = Levels seen in this place.
 G = Mean time per level.
                   A        B        C        D        E       F      G
               +--------+--------+--------+--------+--------+-----+--------+
         Total |   1632 |   1593 |     39 |      8 |   1267 |   2 |  816.0 |
       Dungeon |   1632 |   1593 |     39 |      8 |   1267 |   2 |  816.0 |
               +--------+--------+--------+--------+--------+-----+--------+

Top non-repeatable levels by time:
     D:1: 1479 daAuts
     D:2: 152 daAuts
